 Dungeon Crawl Stone Soup version 0.30-a0-263-ge22c4ad894 (webtiles) character file.

Game seed: 15519221860346564524

520 IdlyInterested the Trooper (level 7, -1/56 HPs)
             Began as a Demonspawn Wanderer on Oct 13, 2022.
             Was a Follower of Qazlal.
             Slain by a gnoll
             ... wielding a +0 club
             ... led by a gnoll sergeant
              (6 damage)
             ... on level 5 of the Dungeon.
             The game lasted 00:14:33 (3825 turns).

IdlyInterested the Trooper (Demonspawn Wanderer)    Turns: 3825, Time: 00:14:35

Health: -1/56      AC: 12    Str: 15    XL:     7   Next: 1%
Magic:  8/8        EV: 10    Int: 15    God:    Qazlal [*.....]
Gold:   219        SH:  2    Dex: 17    Spells: 7/8 levels left

rFire   . . .      SeeInvis .    x - +9 long sword of a Gauntlet {distort, rC+ Int+2}
rCold   + . .      Faith    .    (no shield)
rNeg    . . .      Spirit   .    q - +5 ring mail "Immoc" {Rampage Str+5}
rPois   .          Reflect  .    h - +0 helmet
rElec   .          Harm     .    (no cloak)
rCorr   .          Rampage  +    (no gloves)
Will    +....                    u - +0 pair of boots
Stlth   ++........               (no amulet)
HPRegen 0.29/turn                n - ring of willpower
MPRegen 0.22/turn                (no ring)

@: no status effects
A: powered by pain 1, magic regeneration
a: Renounce Religion


You were on level 5 of the Dungeon.
You worshipped Qazlal.
Qazlal was aware of your devotion.
You visited 1 branch of the dungeon, and saw 5 of its levels.

You collected 219 gold pieces.

Inventory:

Hand Weapons
 k - a +1 dagger of venom
 v - a +0 falchion
 x - the +9 long sword of a Gauntlet (weapon) {distort, rC+ Int+2}
   (You found it on level 4 of the Dungeon)

   It warps and distorts space around it, and may blink, banish, or inflict
   extra damage upon those it strikes.
   Unwielding it can cause banishment or high damage.
   Int:       It affects your intelligence (+2).
   rC:        It protects you from cold.
 D - a +0 long sword
Missiles
 b - an atropa-tipped dart
 c - 2 datura-tipped darts
 d - 11 poisoned darts
 e - 28 stones (quivered)
Armour
 h - a +0 helmet (worn)
 j - the +1 ring mail of the Hippo {Will++ Str-4 Int+6}
   (You found it on level 5 of the Dungeon)

   Str:       It affects your strength (-4).
   Int:       It affects your intelligence (+6).
   Will:      It greatly increases your willpower.
 q - the +5 ring mail "Immoc" (worn) {Rampage Str+5}
   (You found it on level 2 of the Dungeon)

   Str:       It affects your strength (+5).
   Rampage:   It bestows one free step when moving towards enemies.
 u - a +0 pair of boots (worn)
Jewellery
 a - a +6 ring of intelligence
 n - a ring of willpower (left hand)
Scrolls
 y - a scroll of silence {unknown}
 z - a scroll of noise {unknown}
 C - a scroll of brand weapon {unknown}
Potions
 f - a potion of berserk rage
 g - a potion of heal wounds
 i - a potion of invisibility
 l - a potion of cancellation
 p - a potion of haste
 s - a potion of resistance
 t - a potion of flight
 w - a potion of curing
 A - a potion of lignification {unknown}
 B - a potion of mutation {unknown}


   Skills:
 * Level 5.4 Fighting
 - Level 4.0 Throwing
 - Level 2.0 Armour
 * Level 0.1 Dodging
 - Level 4.5 Stealth
 - Level 1.0 Spellcasting
 - Level 2.0 Hexes


You had 7 spell levels left.
You knew the following spells:

 Your Spells              Type           Power      Damage    Failure   Level
a - Slow                  Hex            24%        N/A       21%         1

Your spell library contained the following spells:

 Spells                   Type           Power      Damage    Failure   Level
 Inner Flame              Hex/Fire       3%         N/A       67%         3


Dungeon Overview and Level Annotations

Branches:
Dungeon (5/15)
 Temple: D:4-7

Altars:
Nemelex Xobeh
Qazlal
Yredelemnul


Innate Abilities, Weirdness & Mutations

You sometimes gain a little power by taking damage.
You regenerate magic rapidly.


Message History

The gnoll barely misses you. The gnoll hits you with a +0 club.
You see here 3 poisoned darts.
You slash the gnoll sergeant!
Space warps around the gnoll sergeant.
The gnoll sergeant is severely wounded.
The scorpion stings you but does no damage.
The gnoll closely misses you. The gnoll hits you with a +0 flail!
The gnoll barely misses you.
The gnoll sergeant hits you with a +0 spear of distortion.
Space warps around you.
* * * LOW HITPOINT WARNING * * *
The scorpion stings you but does no damage.
You barely miss the gnoll sergeant.
The gnoll sergeant is severely wounded.
The gnoll is engulfed in freezing vapours.
The gnoll hits you with a +0 flail.
* * * LOW HITPOINT WARNING * * *
The gnoll hits you with a +0 flail.
* * * LOW HITPOINT WARNING * * *
The gnoll sergeant completely misses you.
The gnoll barely misses you. The scorpion barely misses you.
The gnoll sergeant hits you with a +0 spear of distortion.
* * * LOW HITPOINT WARNING * * *
The gnoll barely misses you. The gnoll hits you but does no damage.
The gnoll is engulfed in freezing vapours.
You kill the gnoll!
Qazlal accepts your kill.
The scorpion stings you but does no damage.
You have reached level 7!
You closely miss the gnoll sergeant.
The gnoll sergeant is severely wounded.
The scorpion closely misses you. The gnoll completely misses you.
The gnoll sergeant closely misses you. The gnoll hits you but does no damage.
Unknown command.
You feel much better. The scorpion closely misses you.
The gnoll hits you but does no damage.
The gnoll sergeant hits you with a +0 spear of distortion.
Space warps horribly around you!!
* * * LOW HITPOINT WARNING * * *
The gnoll hits you with a +0 club.
You die...

#.......##..##....###
#.....#.##.....#.
#.......#<.....##
###............
#......##...
##.........#
####....#..#..
#.#..○g.#..#
##...g@○s...#
##.....sg....#
##..........###
#...........#
###....#..#....
#....#..##.##
##...#..# ..#
##...... ... #.......
..


You could see a gnoll sergeant, 2 scorpions and 2 gnolls.

Vanquished Creatures
  Sigmund (D:5)
  Menkaure (D:4)
  A scorpion (D:4)
  A hound (D:4)
  An orc wizard (D:3)
  A gnoll (D:5)
  2 adders (D:2)
  2 worms
  3 dart slugs
  8 orcs
  9 endoplasms
  2 giant cockroaches
  7 goblins
  9 hobgoblins
  4 jackals (D:1)
  2 quokkas (D:4)
  6 ball pythons
  6 bats
  A frilled lizard (D:1)
  9 kobolds
76 creatures vanquished.

Notes
Turn   | Place    | Note
-------+----------+-------------------------------------------
     0 | D:1      | IdlyInterested the Demonspawn Wanderer began the quest for
                  | the Orb.
     0 | D:1      | IdlyInterested set off with the following items: a +0
                  | dagger, an atropa-tipped dart, 2 datura-tipped darts, 11
                  | poisoned darts, a +0 dagger, a potion of berserk rage, a +0
                  | robe; and the following spell memorised: Slow; and the
                  | following spells available to memorise: Inner Flame.
     0 | D:1      | Reached XP level 1. HP: 13/13 MP: 2/2
   173 | D:1      | Reached skill level 1 in Fighting
   252 | D:1      | Gained mutation: You regenerate magic rapidly. [demonic
                  | ancestry]
   252 | D:1      | Reached XP level 2. HP: 20/21 MP: 3/3
   472 | D:1      | HP: 1/21 [poisoned by a goblin]
   733 | D:1      | Reached XP level 3. HP: 25/27 MP: 4/4
   741 | D:1      | You fall into a shaft and drop 1 floor!
  1315 | D:2      | Reached skill level 2 in Fighting
  1364 | D:2      | Found a faded altar of an unknown god.
  1541 | D:2      | Found a stormy altar of Qazlal.
  1558 | D:2      | Became a worshipper of Qazlal Stormbringer
  1794 | D:2      | Identified the +5 ring mail "Immoc" {Rampage Str+5}
  1918 | D:3      | Reached XP level 4. HP: 29/34 MP: 5/5
  2084 | D:3      | Found a basalt altar of Yredelemnul.
  2353 | D:3      | Found a sparkling altar of Nemelex Xobeh.
  2480 | D:3      | Reached skill level 3 in Fighting
  2587 | D:3      | Reached * piety under Qazlal
  2810 | D:4      | Identified the +9 long sword of a Gauntlet {distort, rC+
                  | Int+2}
  2925 | D:4      | Gained mutation: You sometimes gain a little power by
                  | taking damage. [demonic ancestry]
  2925 | D:4      | Reached XP level 5. HP: 40/41 MP: 6/6
  3386 | D:4      | Noticed Menkaure
  3390 | D:4      | Killed Menkaure
  3391 | D:4      | Reached skill level 4 in Fighting
  3391 | D:4      | Reached XP level 6. HP: 43/49 MP: 7/7
  3717 | D:5      | Entered Level 5 of the Dungeon
  3785 | D:5      | Noticed Sigmund
  3791 | D:5      | Killed Sigmund
  3792 | D:5      | Reached skill level 5 in Fighting
  3798 | D:5      | Identified the +1 ring mail of the Hippo {Will++ Str-4
                  | Int+6}
  3823 | D:5      | HP: 2/51 [gnoll sergeant/+0 spear of distortion (4)]
  3824 | D:5      | Reached XP level 7. HP: 3/56 MP: 8/8
  3825 | D:5      | Slain by a gnoll

Illustrated notes

Levels and vault maps discovered:
D:1:      wander_arrival_peaceful_grave, layout_basic,
          minmay_misc_feat_four_crosses, hangedman_abyss_or_decor_stabs,
          minmay_misc_feat_room
D:2:      layout_loops_ring, basic_altar, ebering_ecumenical_altar_mist
D:3:      layout_basic, kennysheep_ying_yang, nicolae_overflow_hidden_temple,
          minmay_tree_intersection, minmay_cut_off
D:4:      layout_rooms, serial_co_window_serial, co_window_corner_a,
          co_window_paths_a, co_window_paths_b, co_window_paths_a,
          co_window_of_opportunity_a, co_window_paths_a, co_window_corner_b,
          co_window_corner_cb, co_window_broadway_a, co_window_cross_2,
          co_window_corner_ca, co_window_unsneaky_path_a, co_window_broadway_b,
          glass_columns_a, glass_columns_a, glass_columns_c, glass_columns_a,
          glass_columns_a, minmay_crossroads, uniq_menkaure
D:5:      layout_cave_pools, gup_sewer_entry_glass, uniq_sigmund

Skill      XL: |  1  2  3  4  5  6 |
---------------+-------------------+-----
Fighting       | 1 2 3 4 5 |  5.4
Throwing       | 2 3 4 |  4.0
Armour         | 2 |  2.0
Dodging        | |  0.1
Stealth        | |  4.5
Spellcasting   | |  1.0
Hexes          | |  2.0

Action                   |  1- 3 |  4- 6 |  7- 9 || total
-------------------------+-------+-------+-------++-------
Melee: Dagger            |   120 |    70 |       ||   190
       Long sword        |       |    35 |     1 ||    36
       Punch             |       |     2 |       ||     2
  Use: Scroll            |     3 |     6 |       ||     9
       Potion            |       |     4 |     1 ||     5
 Stab: Sleeping          |     9 |     1 |       ||    10
Armor: Robe              |     3 |       |       ||     3
       Ring mail         |    40 |    55 |     2 ||    97
Dodge: Dodged            |    45 |    67 |     4 ||   116

Table legend: (Time is in decaauts)
 A = Elapsed time spent in this place.
 B = Non-inter-level travel time spent in this place.
 C = Inter-level travel time spent in this place.
 D = Time resting spent in this place.
 E = Time spent auto-exploring this place.
 F = Levels seen in this place.
 G = Mean time per level.
                   A        B        C        D        E       F      G
               +--------+--------+--------+--------+--------+-----+--------+
         Total |   3838 |   3279 |    559 |    219 |   2056 |   5 |  767.6 |
       Dungeon |   3838 |   3279 |    559 |    219 |   2056 |   5 |  767.6 |
               +--------+--------+--------+--------+--------+-----+--------+

Top non-repeatable levels by time:
     D:1: 1189 daAuts
     D:4: 915 daAuts
     D:3: 830 daAuts
     D:2: 792 daAuts
     D:5: 111 daAuts
